 Dungeon Crawl Stone Soup version 0.31-a0-325-g067879e3d3 (webtiles) character file.

Game seed: 368764351552850129

12863 AdnanSaban the Basher (level 12, -9/77 HPs)
             Began as a Gargoyle Fighter on July 18, 2023.
             Was a Follower of Trog.
             Mangled by a red ugly thing (18 damage)
             ... on level 8 of the Dungeon.
             The game lasted 00:20:54 (9983 turns).

AdnanSaban the Basher (Gargoyle Fighter)            Turns: 9983, Time: 00:20:55

Health: -9/77      AC: 28    Str: 24    XL:     12   Next: 0%
Magic:  0/12       EV:  7    Int: 16    God:    Trog [*.....]
Gold:   595        SH:  5    Dex:  9    Spells: 11/11 levels left

rFire   . . .        C - +6 morningstar (flame)
rCold   . . .        c - +0 buckler
rNeg    + . .        x - +0 plate armour
rPois   ∞            g - +0 helmet
rElec   +            p - +1 cloak
rCorr   .            e - +0 pair of gloves
SInv    .            (no boots)
Will    .....        k - amulet of guardian spirit Stlth
                     t - ring of flight
HPRegen 0.32/turn    v - +6 ring of intelligence
MPRegen 0.13/turn

%: guardian spirit
@: flying, slowed, very slow
A: sickness immunity, AC +8, negative energy resistance 1, electricity
resistance, torment resistance 1, petrification resistance
a: Renounce Religion, Berserk


You were on level 8 of the Dungeon.
You worshipped Trog.
Trog was aware of your devotion.
You visited 2 branches of the dungeon, and saw 10 of its levels.

You collected 595 gold pieces.

Inventory:

Hand Weapons
 C - a +6 morningstar of flaming (weapon)
Missiles
 H - a throwing net
Armour
 c - a +0 buckler (worn)
 e - a +0 pair of gloves (worn)
 g - a +0 helmet (worn)
 p - a +1 cloak (worn)
 x - a +0 plate armour (worn)
 F - a +0 pair of boots
Jewellery
 k - an amulet of guardian spirit (around neck)
 t - a ring of flight (left hand)
 v - a +6 ring of intelligence (right hand)
Wands
 z - a wand of flame (44)
Scrolls
 a - a scroll of enchant weapon {unknown}
 b - 3 scrolls of poison {unknown}
 f - a scroll of torment {unknown}
 i - 12 scrolls of identify {unknown}
 j - a scroll of vulnerability {unknown}
 m - 2 scrolls of fear {unknown}
 q - a scroll of immolation {unknown}
 r - 4 scrolls of fog {unknown}
 w - a scroll of blinking {unknown}
 y - 2 scrolls of revelation {unknown}
 A - 3 scrolls of teleportation {unknown}
 D - a scroll of enchant armour {unknown}
 E - a scroll of acquirement {unknown}
Potions
 d - 3 potions of might
 h - 2 potions of curing {unknown}
 l - 3 potions of invisibility {unknown}
 n - 3 potions of mutation {unknown}
 o - a potion of degeneration {unknown}
 s - 2 potions of lignification {unknown}
 u - 2 potions of haste {unknown}
 B - 2 potions of berserk rage {unknown}
 G - a potion of cancellation {unknown}


   Skills:
 + Level 9.6 Fighting
 + Level 13.5 Maces & Flails
 + Level 9.9 Armour
 + Level 7.6 Shields


You had 11 spell levels left.
You didn't know any spells.
Your spell library contained the following spells:

 Spells                   Type           Power      Damage    Failure   Level
 Alistair's Intoxication  Tmut/Pois      0%         N/A       100%        5
 Borgnjor's Vile Clutch   Necr/Erth      0%         N/A       100%        5
 Eringya's Noxious Bog    Tmut/Pois      0%         4d6       100%        6


Dungeon Overview and Level Annotations

Branches:
Dungeon (9/15)             Temple (1/1) D:4            Lair (0/5) D:8
    Orc (0/2) D:9

Altars:
Ashenzari
Cheibriados
Elyvilon
Fedhas
Hepliaklqana
Kikubaaqudgha
Makhleb
Nemelex Xobeh
Qazlal
Ru
Sif Muna
Trog
Uskayaw
Vehumet
Wu Jian
Xom
Yredelemnul
Zin
The Shining One

Shops:
D:3 [   D:7 [   D:8 !   D:9 *

Annotations:
D:2 1 runed translucent door, Crazy Yiuf


Innate Abilities, Weirdness & Mutations

You are immune to sickness and miasma.
Your stone body is resilient. (AC +8)
You are immune to poison.
You resist negative energy. (rN+)
You are resistant to electric shocks. (rElec)
You are resistant to unholy torment.
You are immune to petrification.


Message History

The red ugly thing punches you but does no damage.
You fly upwards.
Reactivating autopickup.
There is a stone staircase leading down here.
You see here a +0 hand axe.
You barely miss the wraith. You block the wraith's attack.
The red ugly thing barely misses you. You block the wraith's attack.
You hit the wraith. You burn the wraith.
The wraith is lightly damaged.
You block the red ugly thing's attack. You block the wraith's attack.
The red ugly thing punches you!
You are engulfed in flames!
You sock the wraith! You burn the wraith.
The wraith is heavily damaged.
The wraith hits you but does no damage.
The red ugly thing punches you but does no damage.
You hit the wraith. You burn the wraith.
The wraith is severely damaged.
The wraith closely misses you.
The red ugly thing punches you but does no damage.
The wraith completely misses you.
You closely miss the wraith.
The wraith is severely damaged.
The red ugly thing closely misses you. The wraith hits you but does no damage.
Unknown command.
You puncture the wraith! You burn the wraith.
The wraith is almost destroyed.
The red ugly thing punches you.
You are engulfed in flames!!
* * * LOW HITPOINT WARNING * * *
The wraith hits you but does no damage.
The red ugly thing punches you but does no damage.
You closely miss the wraith.
The wraith is almost destroyed.
The wraith hits you!
* * * LOW HITPOINT WARNING * * *
The wraith drains your vigour!
You feel as though you will be slow longer.
The red ugly thing punches you.
* * * LOW HITPOINT WARNING * * *
You are engulfed in flames!!
You die...

#....##.########### #...#
#.## ##.##..............#
#.P.###...
#..##.##.#########.#
#.P....... ......##>.....#
#.# ###.P.######
.).....######.#
#.###.<.P....... .####..#
#.# #.##..#...######
..###..# #.# #.#.#.#...#
...#...# #.####..###.#..#
._.....## #.÷u@W.## ##...#
...##...# #######.###..###
#.###...## ##.#.#.#
..###....####### ##.##.#
.......).))(...######.##.#
.......######....)....##.#
###### .......#
#..#########.# #[....
#......# ##..# #.# #.##.#
####.#.#####...# #.#
#.##.#


You could see a red ugly thing and a wraith.

Vanquished Creatures
  An ogre mage (D:8)
  2 two-headed ogres
  2 boulder beetles
  A skeletal warrior (D:8)
  A harpy (D:8)
  Maggie (D:7)
  An unseen horror zombie (D:8)
  A rime drake (D:8)
  2 polar bears
  2 hornets (D:9)
  Grinder (D:3)
  2 wyverns
  A shadow (D:9)
  10 yaks
  A wyvern (shapeshifter) (D:9)
  2 wraiths (D:9)
  2 steam dragons (D:9)
  2 water moccasins
  Duvessa (D:5)
  7 ice beasts
  2 sky beasts
  4 orc warriors
  A black bear (D:4)
  5 centaurs
  A wolf (D:8)
  2 ogres
  A phantom (D:4)
  3 kobold brigands
  A gnoll sergeant (D:5)
  6 bullfrogs
  3 scorpions
  A wyvern zombie (D:8)
  2 wights (D:8)
  Dowan (D:5)
  A howler monkey (D:6)
  2 crimson imps
  A gnoll bouda (D:5)
  A jelly (D:5)
  6 orc priests
  5 hounds
  3 iguanas
  2 sleepcaps
  10 orc wizards
  9 gnolls
  9 adders
  3 shadow imps
  3 white imps
  5 ufetubi
  3 dart slugs (D:2)
  27 orcs
  7 ball pythons
  6 bats
  10 endoplasms
  5 giant cockroaches
  4 goblins
  14 hobgoblins
  3 quokkas
  3 frilled lizards
  16 kobolds
  9 rats
243 creatures vanquished.

Notes
Turn   | Place    | Note
-------+----------+-------------------------------------------
     0 | D:1      | AdnanSaban the Gargoyle Fighter began the quest for the
                  | Orb.
     0 | D:1      | Reached XP level 1. HP: 14/14 MP: 1/1
    98 | D:1      | Reached XP level 2. HP: 19/19 MP: 2/2
   267 | D:1      | Reached XP level 3. HP: 24/24 MP: 3/3
   771 | D:2      | Reached XP level 4. HP: 29/29 MP: 4/4
   981 | D:2      | Reached skill level 3 in Maces & Flails
  1502 | D:2      | Found a runed translucent door.
  1503 | D:2      | Noticed Crazy Yiuf
  1626 | D:3      | Found a sacrificial altar of Ru.
  1643 | D:3      | Noticed Grinder
  1846 | D:3      | Found a hide-covered altar of Uskayaw.
  1866 | D:3      | Found a faded altar of an unknown god.
  1888 | D:3      | Found Hitoc's Armour Emporium.
  1913 | D:3      | Paralysed by Grinder for 4 turns
  1926 | D:3      | Killed Grinder
  1927 | D:3      | Reached skill level 4 in Maces & Flails
  1927 | D:3      | Reached XP level 5. HP: 15/33 MP: 5/5
  1927 | D:3      | Reached XP level 6. HP: 18/38 MP: 6/6
  2732 | D:4      | Reached skill level 5 in Maces & Flails
  2739 | D:4      | Reached skill level 5 in Armour
  2745 | D:4      | Reached XP level 7. HP: 31/44 MP: 7/7
  2814 | D:4      | Found a staircase to the Ecumenical Temple.
  2976 | Temple   | Entered the Ecumenical Temple
  3215 | D:4      | Found a glowing golden altar of the Shining One.
  3407 | D:5      | Entered Level 5 of the Dungeon
  3650 | D:4      | Reached skill level 6 in Maces & Flails
  4002 | D:5      | Reached XP level 8. HP: 48/48 MP: 8/8
  4173 | D:5      | Reached skill level 5 in Fighting
  4501 | D:5      | Found a burning altar of Makhleb.
  4502 | D:5      | Found a shimmering altar of Xom.
  4599 | D:5      | Reached skill level 7 in Maces & Flails
  4817 | D:6      | Reached skill level 5 in Shields
  4823 | D:6      | Found a shimmering blue altar of Sif Muna.
  4823 | D:6      | Found a blossoming altar of Fedhas.
  5271 | D:6      | Found an ancient bone altar of Kikubaaqudgha.
  5276 | D:6      | Reached skill level 8 in Maces & Flails
  5276 | D:6      | Reached XP level 9. HP: 43/55 MP: 9/9
  5335 | D:6      | Noticed Duvessa
  5336 | D:6      | Noticed Dowan
  5398 | D:5      | Killed Duvessa
  5402 | D:5      | Killed Dowan
  5808 | D:7      | Found Uzac's Armour Emporium.
  5869 | D:7      | Noticed a two-headed ogre
  5874 | D:7      | Noticed Maggie
  6027 | D:7      | Reached skill level 9 in Maces & Flails
  6157 | D:7      | Killed Maggie
  6494 | D:7      | Found a radiant altar of Vehumet.
  6551 | D:7      | Killed a two-headed ogre
  6552 | D:7      | Reached skill level 10 in Maces & Flails
  6552 | D:7      | Reached XP level 10. HP: 46/61 MP: 10/10
  7429 | D:7      | Reached skill level 11 in Maces & Flails
  7507 | D:8      | Found a staircase to the Lair.
  7570 | D:8      | Found an ornate altar of the Wu Jian Council.
  7635 | D:8      | Found Boumpob's Distillery.
  7708 | D:8      | Noticed a two-headed ogre
  7717 | D:8      | Killed a two-headed ogre
  7889 | D:8      | Reached XP level 11. HP: 68/68 MP: 11/11
  7895 | D:8      | Found a bloodstained altar of Trog.
  7921 | D:8      | Became a worshipper of Trog the Wrathful
  7952 | D:8      | Noticed a boulder beetle
  7974 | D:8      | Killed a boulder beetle
  7975 | D:8      | Reached skill level 12 in Maces & Flails
  8565 | D:8      | Found a basalt altar of Yredelemnul.
  8988 | D:9      | Reached * piety under Trog
  9231 | D:9      | Found a staircase to the Orcish Mines.
  9306 | D:9      | Found Zin's Purification Station.
  9311 | D:9      | Found a glowing silver altar of Zin.
  9530 | D:9      | Noticed a boulder beetle
  9559 | D:9      | Reached skill level 13 in Maces & Flails
  9560 | D:9      | Killed a boulder beetle
  9652 | D:9      | Noticed a skeletal warrior
  9652 | D:9      | Noticed an ogre mage
  9652 | D:9      | Noticed a harpy
  9686 | D:8      | Killed a harpy
  9842 | D:9      | Paralysed by an ogre mage for 4 turns
  9851 | D:8      | Killed an ogre mage
  9856 | D:8      | Killed a skeletal warrior
  9957 | D:9      | Noticed a red ugly thing
  9957 | D:9      | Noticed a centaur warrior
  9968 | D:9      | Reached XP level 12. HP: 69/77 MP: 12/12
  9983 | D:8      | Mangled by a red ugly thing

Illustrated notes

Levels and vault maps discovered:
D:1:      shiori_arrival_oz, layout_basic, serial_rivers,
          chequers_serial_rivers_small_b, chequers_serial_rivers_small_a,
          chequers_serial_rivers_micro_d, chequers_serial_rivers_room_b
D:2:      layout_basic, serial_bayou_pond_d, uniq_crazy_yiuf_cottage
D:3:      layout_loops_ring, lemuel_round_altar, mainiacjoe_overflow_catwalk,
          serial_shops, nicolae_shop_crystal, ebering_ecumenical_altar_box,
          guppyfry_early_lair_pool, uniq_grinder
D:4:      layout_loops_ring, nicolae_overflow_crystal_walls,
          minmay_temple_entry_slanted
D:5:      layout_rooms, grunt_temple_overflow_champion_of_chaos
D:6:      layout_layer_cave, chequers_temple_overflow_statue_of_worship,
          kiku_gazebo_garden_becter, kennysheep_nub, minmay_fire_ice_demons,
          uniq_duvessa
D:7:      layout_gridville, nicolae_vehumet_altar_sigil, amethyst_killhole,
          hex_large, minmay_shop_grid_forest, minmay_puff, uniq_maggie
D:8:      layout_loops_ring, mainiacjoe_overflow_boulevard,
          lemuel_zombie_altar_yredelemnul, trog_three_pillars_becter,
          hellmonk_lair_entry_icy, serial_shops, nicolae_shop_industrial_runoff,
          minmay_increasing_density
D:9:      nzn_winding_woodlands_stair_cross
          [nzn_winding_woodlands_5x15_sidewinder,
          nzn_winding_woodlands_center_lodge,
          nzn_winding_woodlands_5x15_split_checker,
          nzn_winding_woodlands_5x5_perimeter, nzn_winding_woodlands_5x5_cross,
          nzn_winding_woodlands_5x15_default,
          nzn_winding_woodlands_center_triple_pond,
          nzn_winding_woodlands_5x15_eye], layout_cave_pods, zin_purify,
          kennysheep_okawaru_gauntlet
Temple:   hellmonk_temple_micro_hex

Skill      XL: |  1  2  3  4  5  6  7  8  9 10 11 |
---------------+----------------------------------+-----
Maces & Flails | 4 5 6 8 10 11 13 | 13.5
Armour         | 4 5 6 7 8 9 |  9.9
Fighting       | 4 5 6 8 9 |  9.6
Shields        | 4 5 6 7 |  7.6

Action                     |  1- 3 |  4- 6 |  7- 9 | 10-12 || total
---------------------------+-------+-------+-------+-------++-------
  Melee: Flail             |   107 |       |       |       ||   107
         Morningstar       |    25 |   143 |   408 |   284 ||   860
 Invoke: Berserk           |       |       |       |     1 ||     1
 Armour: Scale mail        |    70 |    93 |   151 |       ||   314
         Plate armour      |       |       |   204 |   253 ||   457
  Dodge: Dodged            |    70 |    70 |   209 |   119 ||   468
  Block: Buckler           |    25 |    36 |   107 |    70 ||   238

Table legend: (Time is in decaauts)
 A = Elapsed time spent in this place.
 B = Non-inter-level travel time spent in this place.
 C = Inter-level travel time spent in this place.
 D = Time resting spent in this place.
 E = Time spent auto-exploring this place.
 F = Levels seen in this place.
 G = Mean time per level.
                   A        B        C        D        E       F      G
               +--------+--------+--------+--------+--------+-----+--------+
         Total |  10170 |   9751 |    419 |   1287 |   6038 |  10 | 1017.0 |
       Dungeon |  10166 |   9747 |    419 |   1287 |   6038 |   9 | 1129.6 |
        Temple |      4 |      4 |      0 |      0 |      0 |   1 |    4.0 |
               +--------+--------+--------+--------+--------+-----+--------+

Top non-repeatable levels by time:
     D:8: 1578 daAuts
     D:5: 1387 daAuts
     D:7: 1361 daAuts
     D:4: 1175 daAuts
     D:9: 1082 daAuts
     D:2: 1012 daAuts
     D:6: 1007 daAuts
     D:3: 972 daAuts
     D:1: 589 daAuts
  Temple: 4 daAuts
